 Dungeon Crawl Stone Soup version 0.22-a0-422-g9628fc8 (webtiles) character file.

1897 Mgcat the Fighter (level 8, -2/70 HPs)
             Began as a Demonspawn Berserker on May 22, 2018.
             Was an Elder of Trog.
             Killed from afar by an electric eel (9 damage)
             ... with a bolt of electricity
             ... on level 6 of the Dungeon.
             The game lasted 00:11:25 (5437 turns).

Mgcat the Fighter (Demonspawn Berserker)            Turns: 5437, Time: 00:11:26

Health: -2/70      AC:  9    Str: 19    XL:     8   Next: 93%
Magic:  8/8        EV: 12    Int: 10    God:    Trog [****..]
Gold:   468        SH:  0    Dex: 12    Spells: 7/7 levels left

rFire    . . .     SeeInvis .   o - +2 war axe
rCold    + . .     Gourm    .   (no shield)
rNeg     . . .     Faith    .   e - +0 leather armour
rPois    +         Spirit   .   (helmet restricted)
rElec    .         Reflect  .   (no cloak)
rCorr    .         Harm     .   (no gloves)
MR       .....                  n - +2 pair of boots
Stlth    +.........             (no amulet)
HPRegen  0.21/turn              p - ring of poison resistance {rPois, !d}
MPRegen  0.11/turn              (no ring)

@: no status effects
A: antennae 2, molten scales 2, cold resistance 1, rot immunity
a: Berserk, Trog's Hand, Brothers in Arms, Renounce Religion


You were on level 6 of the Dungeon.
You worshipped Trog.
Trog was greatly pleased with you.
You were not hungry.

You visited 1 branch of the dungeon, and saw 6 of its levels.
You also visited: Ossuary.

You collected 468 gold pieces.

Inventory:

Hand Weapons
 o - a +2 war axe (weapon)
   (You found it on level 3 of the Dungeon)
Armour
 e - a +0 leather armour (worn)
   (You found it on level 1 of the Dungeon)
 n - a +2 pair of boots (worn)
   (You found it on level 2 of the Dungeon)
Jewellery
 p - a ring of poison resistance (left hand) {rPois, !d}
   (You found it on level 3 of the Dungeon)
Wands
 m - a wand of flame (29)
   (You found it on level 3 of the Dungeon)
 q - a wand of iceblast (12)
   (You found it on level 3 of the Dungeon)
Scrolls
 d - 6 scrolls of identify
 h - a scroll of fear
 j - 3 scrolls of random uselessness {unknown}
 k - a scroll of noise {unknown}
 l - 4 scrolls of remove curse
 s - a scroll of magic mapping {!r}
Potions
 a - 7 potions of degeneration {unknown}
 b - 2 potions of lignification {unknown}
 f - 9 potions of curing
 g - a potion of agility
 i - 2 potions of flight {unknown}
 r - a potion of might {unknown}
 t - 3 potions of heal wounds
 u - 2 potions of invisibility
 v - a potion of mutation {unknown}
Comestibles
 c - 5 rations
 w - 11 chunks of flesh {@w0}


   Skills:
 + Level 8.8 Fighting
 + Level 8.0 Axes
 - Level 1.7 Armour
 - Level 1.7 Dodging


You had 7 spell levels left.
You didn't know any spells.
Your spell library was empty.

Dungeon Overview and Level Annotations

Branches:
Dungeon (6/15)             Temple (0/1) D:6

Altars:
Cheibriados
Gozag
Nemelex Xobeh
Ru
Uskayaw
Yredelemnul

Shops:
D:4 (


Innate Abilities, Weirdness & Mutations

You have a pair of antennae on your head.
You are mostly covered in molten scales. (AC +3)
Your flesh is cold resistant. (rC+)
You are immune to rotting.


Message History

You feel less resistant to hostile enchantments.
A dart slug comes into view.
The dart slug moves out of view.
A dart slug comes into view.
A dart slug is nearby!
An electric eel comes into view.
The dart slug closely misses you.
The electric eel shoots out a bolt of lightning at you!
The bolt of electricity misses you.
You slash the dart slug!
You kill the dart slug!
Trog accepts your kill.
No target in view!
No target in view!
No target in view!
Evoke which item? (* to show all) (? for menu, Esc to quit)
Okay, then.
The electric eel is too close now for your liking.
You see here 18 gold pieces.
Found a stone staircase leading up.
An orc comes into view. It is wielding a dagger.
The orc shouts!
The electric eel shoots out a bolt of lightning at you!
The bolt of electricity misses you.
There is an open door here.
You slash the orc!
You kill the orc!
Trog accepts your kill.
The electric eel shoots out a bolt of lightning at you!
The bolt of electricity hits you!
The electric eel shoots out a bolt of lightning at you!
The bolt of electricity misses you.
You start resting.
HP restored.
You start resting.
The dart slug is too close now for your liking.
The dart slug bites you but does no damage.
You hit the dart slug.
The dart slug is severely wounded.
You slash the dart slug!
You kill the dart slug!
Trog accepts your kill.
You butcher the dart slug corpse.
w - 11 chunks of flesh {@w0} (gained 1)
You now have 468 gold pieces (gained 18).
The electric eel is too close now for your liking.
There is an open door here.
Things that are here:
a dagger; a leather armour; an orc corpse An electric eel comes into view.
You barely miss the electric eel.
The electric eel shoots out a bolt of lightning at you!
The bolt of electricity hits the electric eel.
The electric eel completely resists.
The bolt of electricity hits you!
You hit the electric eel.
The electric eel is lightly wounded.
You miss the electric eel.
The electric eel is lightly wounded.
An orc priest comes into view. It is wielding a dagger.
The electric eel shoots out a bolt of lightning at you!
The bolt of electricity misses the electric eel.
The bolt of electricity misses you.
The electric eel shoots out a bolt of lightning at you!
The bolt of electricity hits you!
You barely miss the electric eel.
The electric eel is lightly wounded.
The orc priest shouts!
You hear a shout!
An orc comes into view. It is wielding a short sword.
A dart slug comes into view.
The orc shouts!
You hit the electric eel.
The electric eel is lightly wounded.
The electric eel shoots out a bolt of lightning at you!
The bolt of electricity misses you.
The electric eel shoots out a bolt of lightning at you!
The bolt of electricity hits the electric eel.
The electric eel completely resists.
The bolt of electricity hits you!
You hit the electric eel.
The electric eel is heavily wounded.
The electric eel shoots out a bolt of lightning at you!
The bolt of electricity hits you!
The electric eel shoots out a bolt of lightning at you!
The bolt of electricity hits the electric eel.
The electric eel completely resists.
The bolt of electricity misses you.
You miss the electric eel.
The electric eel is heavily wounded.
An orc wizard comes into view. It is wielding a dagger.
The electric eel shoots out a bolt of lightning at you!
The bolt of electricity hits you!
* * * LOW HITPOINT WARNING * * *
The electric eel shoots out a bolt of lightning at you!
The bolt of electricity misses the electric eel.
The bolt of electricity hits you!
* * * LOW HITPOINT WARNING * * *
The bolt of electricity hits the orc priest.
Things that are here:
a dagger; a leather armour; an orc corpse The electric eel shoots out a bolt of lightning at you!
The bolt of electricity hits you!
You die...

.......#.....##..##.....
......................##
#≈.......o...............+
≈≈≈≈...[.................#
#≈≈≈#....##...###..##...##
≈≈≈≈≈....##...###..##...##
≈#≈≈≈≈..o#.........#....##
≈≈w≈≈;#.o#.........#.....)
=<#≈;.)@.........#......
?...≈≈...#.........#......
≈≈≈.≈≈≈..#.........#......
≈≈.≈≈≈≈.#..#..#######.....
#≈≈≈#≈..####..# #....#
≈≈≈≈≈...# ...?. ......#
≈≈≈≈##..# ..... ......#
≈≈≈≈ ##.# ...


You could see 2 electric eels, an orc priest, a dart slug and an orc.

Vanquished Creatures
  Sigmund (D:2)
  Edmund (D:5)
  2 orc warriors
  A sky beast (D:6)
  3 phantoms
  The ghost of Jynxie the Sneak, an amateur KoEE (D:3)
  A scorpion (D:4)
  A howler monkey (D:6)
  3 crimson imps (D:5)
  3 centaur zombies
  A quasit (D:6)
  3 hounds
  2 orc priests
  2 human zombies (Ossuary)
  An iguana (D:4)
  2 worker ants
  4 orc wizards
  5 mummies (Ossuary)
  A howler monkey skeleton (D:6)
  8 adders
  A shadow imp (D:5)
  An ooze (D:1)
  An adder skeleton (D:5)
  3 worms
  4 dart slugs
  5 leopard geckos
  13 orcs
  9 bats
  13 giant cockroaches
  A gnoll zombie (Ossuary)
  11 goblins
  6 hobgoblins
  14 jackals
  6 kobolds
  2 quokkas
  A ball python skeleton (D:4)
  10 frilled lizards
  A goblin zombie (Ossuary)
  A jackal skeleton (D:4)
  A kobold zombie (Ossuary)
  An orc zombie (Ossuary)
  14 rats
165 creatures vanquished.

Notes
Turn   | Place    | Note
-------+----------+-------------------------------------------
     0 | D:1      | Mgcat the Demonspawn Berserker began the quest for the Orb.
     0 | D:1      | Reached XP level 1. HP: 18/18 MP: 1/1
   141 | D:1      | Reached skill level 3 in Axes
   149 | D:1      | Gained mutation: You have a pair of small antennae on your head. [demonic ancestry]
   149 | D:1      | Reached XP level 2. HP: 13/24 MP: 2/2
   178 | D:1      | HP: 5/24 [hobgoblin (3)]
   182 | D:1      | HP: 1/36 [hobgoblin (3)]
   522 | D:1      | Reached ** piety under Trog
   631 | D:1      | Gained mutation: You are partially covered in molten scales. (AC +2) [demonic ancestry]
   631 | D:1      | Reached XP level 3. HP: 19/29 MP: 3/3
  1269 | D:2      | Found a sparkling altar of Nemelex Xobeh.
  1368 | D:2      | Noticed Sigmund
  1387 | D:2      | Killed Sigmund
  1387 | D:2      | Reached skill level 4 in Fighting
  1387 | D:2      | Reached skill level 4 in Axes
  1387 | D:2      | Gained mutation: You have a pair of antennae on your head. [demonic ancestry]
  1387 | D:2      | Reached XP level 4. HP: 16/38 MP: 4/4
  1387 | D:2      | Gained mutation: You are immune to rotting. [demonic ancestry]
  1387 | D:2      | Reached XP level 5. HP: 18/43 MP: 5/5
  1731 | D:2      | Reached skill level 5 in Fighting
  2178 | D:2      | Reached *** piety under Trog
  2197 | D:2      | Reached XP level 6. HP: 41/51 MP: 6/6
  2287 | D:3      | Found an opulent altar of Gozag.
  2288 | D:3      | Noticed Jynxie's ghost (amateur KoEE)
  2306 | D:3      | Killed Jynxie's ghost
  2306 | D:3      | Reached skill level 5 in Axes
  2921 | D:3      | Found a basalt altar of Yredelemnul.
  3424 | D:4      | Reached skill level 6 in Fighting
  3424 | D:4      | Gained mutation: You are mostly covered in molten scales. (AC +3) [demonic ancestry]
  3424 | D:4      | Reached XP level 7. HP: 58/58 MP: 7/7
  3489 | D:4      | Found Bowayn's Antique Weapon Boutique.
  3545 | D:4      | Found a hide-covered altar of Uskayaw.
  3550 | D:4      | Found a sacrificial altar of Ru.
  3553 | D:4      | Found a snail-covered altar of Cheibriados.
  3603 | D:4      | Reached **** piety under Trog
  3606 | D:4      | HP: 9/87 [orc warrior/hand axe (17)]
  3607 | D:4      | Reached skill level 6 in Axes
  3617 | D:4      | HP: 6/59 [orc wizard/dagger (3)]
  4068 | D:5      | Entered Level 5 of the Dungeon
  4099 | D:5      | Found a sand-covered staircase.
  4107 | Ossuary  | Entered an ossuary
  4210 | Ossuary  | Reached skill level 7 in Fighting
  4510 | D:5      | Gained mutation: Your flesh is cold resistant. (rC+) [demonic ancestry]
  4510 | D:5      | Reached XP level 8. HP: 58/67 MP: 8/8
  4612 | D:5      | Noticed Edmund
  4624 | D:5      | Killed Edmund
  4689 | D:5      | Reached skill level 7 in Axes
  4872 | D:5      | Reached skill level 8 in Fighting
  5302 | D:6      | Found a staircase to the Ecumenical Temple.
  5344 | D:6      | Reached skill level 8 in Axes
  5436 | D:6      | HP: 15/70 [electric eel/bolt of electricity (12)]
  5436 | D:6      | HP: 7/70 [electric eel/bolt of electricity (8)]
  5437 | D:6      | Killed from afar by an electric eel

Vault maps used:
D:1:      matt_arrival_diagonals, minmay_rat_gold_closets
D:2:      minmay_roachtagon, nemelex_xobeh_ov_fountains_minmay,
          kennysheep_cluttered_room, minmay_misc_feat_nine_boxes, fountainhead,
          wad_floor_pattern_untrapped, minmay_misc_feat_cross, uniq_sigmund
D:3:      yredelemnul_altar_generic, first_ration, nicolae_gozag_seed_capital
D:4:      minmay_overflow_temple_star_quad, serial_shops, shop,
          guppyfry_early_orc_mine
D:5:      nicolae_ossuary_entry_plus, uniq_edmund
D:6:      kennysheep_slugbush, minmay_temple_entry_glassed_door, serial_shops,
          shop, minmay_misc_feat_roman, led_sif_book
Ossuary:  ossuary_crypta

Skill      XL: |  1  2  3  4  5  6  7  8 |
---------------+-------------------------+-----
Axes           | 3 4 5 6 8 |  8.0
Fighting       | 4 5 6 7 8 |  8.8
Armour         | |  1.7
Dodging        | |  1.7

Action                   |  1- 3 |  4- 6 |  7- 9 || total
-------------------------+-------+-------+-------++-------
Melee: Hand axe          |   120 |   133 |       ||   253
       War axe           |       |    93 |   259 ||   352
Invok: Berserk           |     2 |     2 |     3 ||     7
       Trog's Hand       |       |       |     2 ||     2
  Use: Scroll            |       |       |    15 ||    15
 Stab: Sleeping          |     3 |       |       ||     3
  Eat: Chunk             |     3 |     7 |     6 ||    16
       Ration            |       |     1 |     1 ||     2
Armor: Leather armour    |    31 |    71 |   118 ||   220
Dodge: Dodged            |    87 |   190 |   187 ||   464

Table legend:
 A = Spawn XP
 B = Non-spawn XP
 C = Spawn XP percentage of total XP
 D = Spawn monster count
 E = Non-spawn monster count
 F = Spawn count percentage of total count
 G = Total turns spent on level
                    A         B        C        D         E        F      G
               +---------+---------+-------+---------+---------+-------+---------
         Total |       0 |    2710 |   0.0 |       0 |     165 |   0.0 |  5437
               +---------+---------+-------+---------+---------+-------+---------
           D:1 |       0 |      61 |   0.0 |       0 |      38 |   0.0 |  1217
           D:2 |       0 |     326 |   0.0 |       0 |      30 |   0.0 |  1070
           D:3 |       0 |     160 |   0.0 |       0 |      24 |   0.0 |   937
           D:4 |       0 |     523 |   0.0 |       0 |      17 |   0.0 |   844
           D:5 |       0 |     889 |   0.0 |       0 |      31 |   0.0 |   891
           D:6 |       0 |     485 |   0.0 |       0 |      12 |   0.0 |   156
       Ossuary |       0 |     266 |   0.0 |       0 |      13 |   0.0 |   322
               +---------+---------+-------+---------+---------+-------+---------

Vault maps used:
D:1:      matt_arrival_diagonals, minmay_rat_gold_closets
D:2:      minmay_roachtagon, nemelex_xobeh_ov_fountains_minmay,
          kennysheep_cluttered_room, minmay_misc_feat_nine_boxes, fountainhead,
          wad_floor_pattern_untrapped, minmay_misc_feat_cross, uniq_sigmund
D:3:      yredelemnul_altar_generic, first_ration, nicolae_gozag_seed_capital
D:4:      minmay_overflow_temple_star_quad, serial_shops, shop,
          guppyfry_early_orc_mine
D:5:      nicolae_ossuary_entry_plus, uniq_edmund
D:6:      kennysheep_slugbush, minmay_temple_entry_glassed_door, serial_shops,
          shop, minmay_misc_feat_roman, led_sif_book
Ossuary:  ossuary_crypta

Table legend:
 A = Turns spent in this place as a percentage of turns spent in the entire game.
 B = Non-inter-level travel turns spent in this place as a percentage of non-inter-level travel turns spent in the entire game.
 C = Inter-level travel turns spent in this place as a percentage of turns spent in this place.
 D = Turns resting spent in this place as a percentage of non-inter-level travel turns spent in this place.
 E = Turns spent auto-exploring this place as a percentage of non-inter-level travel turns spent in this place.
 F = Non-inter-level travel turns spent in this place divided by the number of levels of this place that you've seen.
                   A       B       C       D       E      F
               +-------+-------+-------+-------+-------+----------------------
         Total | 100.0 | 100.0 |   3.2 |   0.2 |  75.6 | 752.1
       Dungeon |  94.1 |  93.9 |   3.4 |   0.2 |  76.3 | 823.8
       Ossuary |   5.9 |   6.1 |   0.0 |   0.0 |  65.2 | 322.0
               +-------+-------+-------+-------+-------+----------------------

Table legend:
 A = Kills in this place as a percentage of kills in entire the game.
 B = Kills by you in this place as a percentage of kills by you in the entire game.
 C = Kills by friends in this place as a percentage of kills by friends in the entire game.
 D = Other kills in this place as a percentage of other kills in the entire game.
 E = Experience gained in this place as a percentage of experience gained in the entire game.
 F = Experience gained in this place divided by the number of levels of this place that you have seen.
                   A       B       C       D       E      F
               +-------+-------+-------+-------+-------+----------------------
         Total | 100.0 | 100.0 |   N/A |   N/A | 100.0 | 387.1
       Dungeon |  92.1 |  92.1 |   N/A |   N/A |  90.2 | 407.3
       Ossuary |   7.9 |   7.9 |   N/A |   N/A |   9.8 | 266.0
               +-------+-------+-------+-------+-------+----------------------
